Map: Whirlwind LE (Void)

Players

iGXY (XY)

  • Race: Terran Terran
  • Spawn Location: 5:00

ShoWTimE - Winner!

  • Race: Protoss Protoss
  • Spawn Location: 7:00

Event: WESG 2016 Finals

VOD

Have the link to the VOD?

Description

Time

  • Played on: Jan. 14, 2017, 2:29 a.m.
  • Length: 4:50

All games in this series

Show
View Real Time Build Order
Export as new Build Order

iGXY Terran 

Build Orders: 1/1/1 

Get SALT Encoding   

  12  0:00  SCV  
  13  0:12  SCV  
  14  0:19  Supply Depot  
  14  0:25  SCV  
  15  0:41  SCV  
  16  0:43  Barracks  
  16  0:48  Refinery  
  16  0:53  SCV  
  17  0:58  Refinery  
  17  1:05  SCV  
  18  1:17  SCV  
  19  1:30  Orbital Command, Marine  
  20  1:36  Factory  
  20  1:43  Supply Depot  
  20  1:49  Barracks Reactor  
  20  1:56  SCV  
  21  2:08  SCV  
  22  2:20  SCV  
  22  2:21  Factory Tech Lab, Starport  
  23  2:26  Marine x2  
  25  2:34  Supply Depot  
  25  2:39  SCV  
  25  2:44  Siege Tank, Marine x2  
  31  2:57  Medivac  
  33  3:02  Marine x2  
  34  3:16  Siege Tank  
  38  3:20  Supply Depot, Marine  
  38  3:21  Marine  
  39  3:42  Marine x2, SCV  
  42  3:52  Siege Tank  
  42  3:53  Viking  
  47  4:03  Supply Depot  
  47  4:15  Marine  
  43  4:20  SCV  
  46  4:32  SCV  
Show
View Real Time Build Order
Export as new Build Order

ShoWTimE Protoss - Winner!

Build Orders: 1 Gate Expand 

Get SALT Encoding   

  12  0:00  Probe (Chrono Boost)  
  13  0:11  Probe (Chrono Boost)  
  14  0:17  Pylon  
  14  0:22  Probe (Chrono Boost)  
  15  0:35  Probe (Chrono Boost), Gateway  
  16  0:42  Assimilator  
  16  0:46  Probe (Chrono Boost)  
  17  0:56  Probe (Chrono Boost)  
  18  1:07  Probe (Chrono Boost)  
  19  1:19  Nexus  
  19  1:22  Probe (Chrono Boost)  
  20  1:31  Cybernetics Core  
  20  1:34  Probe (Chrono Boost)  
  20  1:39  Assimilator  
  21  1:45  Probe (Chrono Boost)  
  22  1:49  Pylon  
  22  1:55  Probe (Chrono Boost)  
  22  2:00  Warp Gate  
  23  2:04  Adept  
  26  2:09  Probe (Chrono Boost)  
  26  2:21  Probe (Chrono Boost)  
  27  2:33  Mothership Core (Chrono Boost)  
  27  2:34  Probe (Chrono Boost)  
  27  2:35  Stalker  
  27  2:36  Pylon  
  32  2:46  Probe (Chrono Boost)  
  32  2:49  Robotics Facility  
  33  3:02  Gateway  
  33  3:04  Stalker  
  34  3:13  Gateway  
  34  3:26  Pylon  
  36  3:28  Probe x2 (Chrono Boost)  
  36  3:37  Immortal  
  40  3:53  Pylon  
  40  3:58  Pylon  
  40  4:02  Stalker x2  
  42  4:13  Stalker  
  34  4:23  Adept  
  36  4:28  Adept x2  
  38  4:39  Probe x2 (Chrono Boost)  
  36  4:46  Stalker  
Tags
 
Add a new tag
Caveats
  • Supply blocks, unpowered buildings, or Contaminate may cause inaccurate times.
  • Supply counts are checked every 10 seconds.